 Dungeon Crawl Stone Soup version 0.30-a0-953-g5f1da4a474 (webtiles) character file.

Game seed: 11033854057316373859

8790 ytrimaz the Cleaver (level 11, -10/75 HPs)
             Began as a Formicid Fighter on Mar 28, 2023.
             Was a Priest of Okawaru.
             Mangled by a sun demon (21 damage)
             ... summoned by a kobold demonologist
             ... on level 12 of the Dungeon.
             The game lasted 00:11:35 (10898 turns).

ytrimaz the Cleaver (Formicid Fighter)             Turns: 10898, Time: 00:11:36

Health: -10/75     AC: 19    Str: 25    XL:     11   Next: 62%
Magic:  11/11      EV:  7    Int:  8    God:    Okawaru [***...]
Gold:   411        SH:  6    Dex: 19    Spells: 10/10 levels left

rFire   . . .      SeeInvis +    a - +0 war axe (flame)
rCold   . . .      Faith    .    c - +0 buckler
rNeg    . . .      Spirit   .    f - +1 plate armour {rPois}
rPois   +          Reflect  .    (helmet unavailable)
rElec   .          Rampage  .    s - +0 cloak
rCorr   .                        (no gloves)
Will    +....                    r - +0 pair of boots Stlth
                                 t - amulet of regeneration
HPRegen 1.12/turn                j - +6 ring of dexterity
MPRegen 0.12/turn                (no ring)

@: no status effects
A: permanent stasis, dig shafts and tunnels, antennae 3, four strong arms
a: Dig, Shaft Self, Renounce Religion, Heroism


You were on level 12 of the Dungeon.
You worshipped Okawaru.
Okawaru was most pleased with you.
You visited 2 branches of the dungeon, and saw 13 of its levels.

You collected 831 gold pieces.
You spent 420 gold pieces at shops.


Innate Abilities, Weirdness & Mutations

You cannot be hasted, slowed, berserked, paralysed or teleported.
You can dig through walls and to a lower floor.
You have a pair of large antennae on your head. (SInv)
Your four strong arms can wield two-handed weapons with a shield.


   Skills:
 - Level 3.2 Fighting
 * Level 14.2 Axes
 + Level 11.4 Armour
 - Level 4.0 Shields


You had 10 spell levels left.
You didn't know any spells.
Your spell library contained the following spells:

 Spells                   Type           Power      Damage    Failure   Level
 Necrotise                Necr           0%         1d4       99%         1
 Shock                    Conj/Air       0%         1d3       99%         1
 Sublimation of Blood     Necr           0%         N/A       100%        2
 Wereblood                Tmut           0%         N/A       100%        2
 Ignite Poison            Fire/Tmut/Pois 0%         N/A       100%        3
 Kindle Blastsparks       Fire/Tloc/Air  0%         2d10      100%        3
 Vampiric Draining        Necr           0%         2d6       100%        3
 Vhi's Electric Charge    Tloc/Air       0%         N/A       100%        3
 Airstrike                Air            0%         2d(0-16)  100%        4
 Fulminant Prism          Conj/Hex       0%         3d5       100%        4
 Iskenderun's Mystic Bla  Conj/Tloc      0%         2d3       100%        4
 Passage of Golubria      Tloc           0%         N/A       100%        4
 Agony                    Necr           0%         N/A       100%        5
 Freezing Cloud           Conj/Ice/Air   0%         6-21      100%        5
 Lee's Rapid Deconstruct  Erth           0%         3d4*      100%        5
 Silence                  Hex/Air        0%         N/A       100%        5
 Orb of Destruction       Conj           0%         9d5       100%        7
 Lehudib's Crystal Spear  Conj/Erth      0%         10d2      100%        8
 Polar Vortex             Ice            0%         N/A       100%        9
 Summon Guardian Golem    Hex/Summ       Unusable   N/A       N/A         3
 Simulacrum               Ice/Necr       Unusable   N/A       N/A         6
 Spellforged Servitor     Conj/Summ      Unusable   N/A       N/A         7
 Summon Hydra             Summ           Unusable   N/A       N/A         7

Inventory:

Hand Weapons
 a - a +0 war axe of flaming (weapon)
 n - a +0 hand axe
   (You took it off an orc on level 3 of the Dungeon)
 H - a +0 broad axe
   (You found it on level 11 of the Dungeon)
Missiles
 h - a silver boomerang
 C - 6 boomerangs
Armour
 c - a +0 buckler (worn)
 f - a +1 plate armour of poison resistance (worn)
   (You took it off an orc warrior on level 9 of the Dungeon)
 i - a +0 kite shield
   (You found it on level 1 of the Dungeon)
 r - a +0 pair of boots (worn)
   (You found it on level 7 of the Dungeon)
 s - a +0 cloak (worn)
   (You found it on level 4 of the Dungeon)
 v - a +0 plate armour of fire resistance
   (You found it on level 9 of the Dungeon)
Jewellery
 j - a +6 ring of dexterity (left hand)
   (You found it on level 1 of the Dungeon)
 t - an amulet of regeneration (around neck)
   (You bought it in a shop on level 1 of the Dungeon)
 D - a ring of flight
   (You found it on level 10 of the Dungeon)
 F - a ring of willpower
   (You found it on level 11 of the Dungeon)
Wands
 b - a wand of digging (9)
   (You found it on level 8 of the Dungeon)
 p - a wand of mindburst (11) (quivered)
   (You found it on level 3 of the Dungeon)
 y - a wand of quicksilver (19)
   (You found it on level 9 of the Dungeon)
 z - a wand of flame (12)
   (You found it on level 11 of the Dungeon)
 G - a wand of polymorph (4)
   (You found it on level 10 of the Dungeon)
 J - a wand of iceblast (6)
   (You found it on level 11 of the Dungeon)
Scrolls
 q - a scroll of enchant armour
 x - a scroll of silence
 A - 2 scrolls of magic mapping
 E - 2 scrolls of amnesia
Potions
 d - 4 potions of might
 e - a potion of invisibility
 g - 3 potions of attraction
 k - 2 potions of flight
 l - 4 potions of brilliance
 m - 5 potions of resistance
 o - a potion of heal wounds
 u - a potion of berserk rage {unknown}
 w - 3 potions of curing
 B - a potion of lignification

Dungeon Overview and Level Annotations

Branches:
Dungeon (12/15) Zot: 26341  Temple (1/1) D:5 Zot: 5787    Lair (0/5) D:9
    Orc (0/2) D:12

Altars:
Ashenzari
Cheibriados
Dithmenos
Elyvilon
Fedhas
Gozag
Hepliaklqana
Kikubaaqudgha
Makhleb
Nemelex Xobeh
Okawaru
Qazlal
Ru
Sif Muna
Trog
Uskayaw
Vehumet
Wu Jian
Xom
Yredelemnul
Zin
The Shining One

Shops:
D:1 *   D:2 =

Annotations:
D:4 3 runed translucent doors, qeuew's ghost, novice FoFi
D:7 2 transporters, cforsyth's ghost, novice FoFi
D:8 2 transporters, DeathPants's ghost, novice VSGl

#...###...##....#
###........###....#
###.........## ##...#
......###...## ##...#
....### ##...# #....#
#...# #...# #....##
....# ###..# #.....#
....#####....###.....##
................@K....#
........####.....3......
....##### ##..######...
....# #..# . #..## ##.#
#.## #.# ..### ### #...#
#####


You could see a sun demon (summoned) and a kobold demonologist.


Message History

You destroy the vampire!
Okawaru accepts your kill.
You slash the orc zombie! You burn the orc zombie.
You destroy the orc zombie!
No target in view!
Unknown command.
No target in view!
You now have 381 gold pieces (gained 15).
Key pressed, stopping explore.
No target in view!
You now have 395 gold pieces (gained 14).
An orc skeleton comes into view.
The orc skeleton moves out of view.
You see here 4 stones.
An orc skeleton is nearby!
You slice the orc skeleton!! You burn the orc skeleton.
You destroy the orc skeleton!
No target in view!
No target in view!
Unknown command.
You see here 4 stones.
Key pressed, stopping explore.
You see here a +0 leather armour.
m - 5 potions of resistance (gained 2) Key pressed, stopping explore.
Key pressed, stopping explore.
A troll comes into view.
A troll is nearby!
A troll is nearby!
A troll is nearby!
The troll bites you but does no damage. The troll barely misses you.
The troll claws you but does no damage.
You slash the troll! You burn the troll. You slash the troll!
You burn the troll. The troll bites you but does no damage.
The troll claws you but does no damage. x2
Unknown command.
You slice the troll!! You burn the troll.
You kill the troll!
Okawaru accepts your kill.
No target in view!
Found a stone staircase leading up.
You now have 411 gold pieces (gained 16).
Key pressed, stopping explore.
Found a stone staircase leading down.
Key pressed, stopping explore.
y - a wand of quicksilver (19) (gained 7 charges)
A kobold demonologist comes into view. It is wielding a +0 dagger.
The kobold demonologist mumbles some strange words.
You hit the sun demon but do no damage.
The sun demon hits you but does no damage.
You slash the sun demon! The sun demon hits you!
You are engulfed in flames! 😮 HP[-23]
You take 23 damage, and now have 52/75 hp.
MASSIVE DAMAGE!! (PAUSE)
You slash the kobold demonologist! You burn the kobold demonologist.
You hit the sun demon but do no damage.
The kobold demonologist hits you but does no damage.
The sun demon hits you!
* * * LOW HITPOINT WARNING * * *
You are engulfed in flames!
* * * LOW HITPOINT WARNING * * *
😨 HP[-26]
You take 26 damage, and now have 26/75 hp.
MASSIVE DAMAGE!! (PAUSE)
You hit the kobold demonologist but do no damage.
You miss the sun demon.
The sun demon hits you but does no damage. 😨 HP[+1]
You slash the kobold demonologist! You burn the kobold demonologist.
You barely miss the sun demon.
The kobold demonologist barely misses you.
Unknown command.
You barely miss the kobold demonologist.
You hit the sun demon but do no damage. The sun demon barely misses you.
You block the kobold demonologist's attack. 😨 HP[+1] Unknown command.
You closely miss the kobold demonologist.
You slash the sun demon! The sun demon barely misses you.
The kobold demonologist hits you but does no damage. 😨 HP[+1]
Aiming: Mindburst
Press: ? - help, Q - select action, (/) - cycle Shift-Dir - straight line, f - kobold demonologist
Aim: a kobold demonologist, wielding a +0 dagger and wearing a +0 robe (severely wounded, chance to affect: 47%)
The kobold demonologist resists with some effort.
The sun demon hits you but does no damage.
The kobold demonologist hits you but does no damage. 😨 HP[+1] Unknown command.
Aiming: Mindburst
Press: ? - help, Q - select action, (/) - cycle Shift-Dir - straight line, f/p - kobold demonologist
Aim: a kobold demonologist, wielding a +0 dagger and wearing a +0 robe (severely wounded, chance to affect: 47%)
The kobold demonologist resists with some effort.
The sun demon hits you.
* * * LOW HITPOINT WARNING * * *
You are engulfed in flames!!
* * * LOW HITPOINT WARNING * * *
The kobold demonologist hits you but does no damage.
The sun demon hits you!!
You die...

Skill      XL: |  1  2  3  4  5  6  7  8  9 10 11 |
---------------+----------------------------------+-----
Axes           | 3 4 5 7 8 10 12 14 | 14.2
Armour         | 4 5 6 7 8 10 11 | 11.4
Fighting       | |  3.2
Shields        | |  4.0

Action                     |  1- 3 |  4- 6 |  7- 9 | 10-12 || total
---------------------------+-------+-------+-------+-------++-------
  Melee: War axe           |    54 |    19 |   285 |   311 ||   669
         Hand axe          |    12 |   134 |       |       ||   146
 Invoke: Heroism           |       |       |       |     1 ||     1
  Evoke: Wand              |       |       |    11 |     6 ||    17
    Use: Scroll            |     2 |     9 |     2 |     7 ||    20
         Potion            |       |     2 |     4 |     1 ||     7
 Armour: Scale mail        |     4 |       |       |       ||     4
         Plate armour      |    40 |   106 |   222 |   215 ||   583
         Skin              |       |    15 |    37 |       ||    52
  Dodge: Dodged            |    14 |    48 |   111 |   105 ||   278
  Block: Buckler           |    15 |    52 |    99 |    87 ||   253

Levels and vault maps discovered:
D:1:      enne_arrival_octagon_isle, layout_loops_corners, serial_shops,
          nicolae_diamond_shop, chequers_big_river
D:2:      layout_basic, nicolae_shop_unique_rings, corexii_shack
D:3:      layout_basic, nicolae_overflow_hidden_temple
D:4:      kennysheep_kobold_camp, layout_loops_ring,
          mainiacjoe_overflow_tiny_flanked, gammafunk_ghost_split
D:5:      layout_basic, nicolae_overflow_quartered_altars,
          minmay_temple_entry_offerings, feat_on_display
D:6:      layout_rooms, mainiacjoe_overflow_24_doors, dreamdust_princess_bridge,
          uniq_sigmund, uniq_blork_the_orc
D:7:      layout_basic, gammafunk_ghost_wrathful_warriors
D:8:      layout_rooms, gammafunk_ghost_stat_death
D:9:      layout_rooms, gammafunk_temple_overflow_elements,
          grunt_lair_entry_orc_guard_hut
D:10:     layout_basic, serial_co_window_serial, co_window_corner_a,
          co_window_of_opportunity_a, co_window_paths_a, co_window_paths_a,
          co_window_paths_a, co_window_corner_a, co_window_corner_b,
          co_window_2corner, co_window_unsneaky_path_a, co_window_broadway_a,
          co_window_unsneaky_path_d, co_window_corner_b, glass_columns_a,
          glass_columns_b, glass_columns_a, glass_columns_b
D:11:     layout_big_octagon
D:12:     layout_layer_cave, zombieorc1_lemuel, chequers_serial_rivers_micro_b,
          elyvilon_altar_3
Temple:   nicolae_temple_figure_eight

Notes
Turn   | Place    | Note
-------+----------+-------------------------------------------
     0 | D:1      | ytrimaz the Formicid Fighter began the quest for the Orb.
     0 | D:1      | Reached XP level 1. HP: 18/18 MP: 1/1
     0 | D:1      | magus.rc [v1.9.6]
   182 | D:1      | Reached XP level 2. HP: 24/24 MP: 2/2
   365 | D:1      | Found Ahelor's General Store.
   665 | D:1      | Reached skill level 3 in Axes
   667 | D:1      | Reached XP level 3. HP: 26/29 MP: 3/3
  1117 | D:2      | You fall into a shaft and drop 1 floor!
  1286 | D:2      | Found Gigureif's One-of-a-Kind Rings.
  1306 | D:2      | Identified the +2 robe of Muttered Phrases {Dex+3 SInv}
  1382 | D:2      | Reached XP level 4. HP: 34/35 MP: 4/4
  1614 | D:3      | Reached skill level 4 in Armour
  1635 | D:3      | Reached skill level 4 in Axes
  1725 | D:3      | Reached XP level 5. HP: 39/41 MP: 5/5
  1826 | D:3      | Found a shimmering altar of Xom.
  2070 | D:4      | You add the spells Shock, Ignite Poison, Vhi's Electric
                  | Charge and Airstrike to your library.
  2070 | D:4      | Got Sif Muna's Volume of Sparks and Air
  2277 | D:4      | Noticed a sky beast
  2277 | D:4      | Noticed qeuew's ghost (novice FoFi)
  2277 | D:4      | Found a runed translucent gate.
  2277 | D:4      | Found a runed translucent gate.
  2280 | D:4      | Found a runed translucent gate.
  2292 | D:4      | Noticed a black bear
  2311 | D:4      | Killed a black bear
  2312 | D:4      | Reached skill level 5 in Axes
  2312 | D:4      | Reached XP level 6. HP: 25/47 MP: 6/6
  2610 | D:4      | HP: 12/70 [kobold brigand/+1 short sword of protection (7)]
  2616 | D:4      | HP: 5/70 [kobold brigand/+1 short sword of protection (3)]
  2621 | D:4      | HP: 4/70 [kobold brigand/+1 short sword of protection (1)]
  2632 | D:4      | Reached skill level 5 in Armour
  2941 | D:4      | Found a shadowy altar of Dithmenos.
  3239 | D:5      | Entered Level 5 of the Dungeon
  3258 | D:5      | Reached XP level 7. HP: 25/52 MP: 7/7
  3271 | D:5      | Reached skill level 6 in Axes
  3594 | D:5      | Found a stormy altar of Qazlal.
  3610 | D:5      | Found a bloodstained altar of Trog.
  3724 | D:5      | Found a staircase to the Ecumenical Temple.
  3730 | Temple   | Entered the Ecumenical Temple
  3945 | D:5      | You pick up a book of Ice and begin reading...
  3945 | D:5      | You add the spells Freezing Cloud, Simulacrum and Polar
                  | Vortex to your library.
  4113 | D:5      | Noticed a water moccasin
  4121 | D:5      | Killed a water moccasin
  4479 | D:5      | Found an opulent altar of Gozag.
  4617 | D:5      | Found a burning altar of Makhleb.
  4752 | D:6      | Reached skill level 7 in Axes
  4752 | D:6      | Reached skill level 6 in Armour
  4752 | D:6      | Reached XP level 8. HP: 26/58 MP: 8/8
  4848 | D:6      | Noticed Blork the orc
  4929 | D:6      | Killed Blork the orc
  4991 | D:6      | You pick up a book of Necromancy and begin reading...
  4991 | D:6      | You add the spells Necrotise, Vampiric Draining and Agony
                  | to your library.
  5004 | D:6      | Noticed Sigmund
  5009 | D:6      | Killed Sigmund
  5010 | D:6      | Reached skill level 8 in Axes
  5021 | D:5      | Reached skill level 7 in Armour
  5170 | D:6      | Reached XP level 9. HP: 50/62 MP: 9/9
  5472 | D:5      | Reached skill level 9 in Axes
  5551 | D:5      | HP: 8/64 [orc priest/divine providence (10)]
  5553 | D:5      | HP: 2/96 [black bear (6)]
  5970 | D:6      | Found a white marble altar of Elyvilon.
  6013 | D:6      | You pick up a book of Dangerous Friends and begin
                  | reading...
  6013 | D:6      | You add the spells Summon Guardian Golem, Orb of
                  | Destruction and Spellforged Servitor to your library.
  6689 | D:7      | Reached skill level 8 in Armour
  6692 | D:7      | Found a transporter.
  6693 | D:7      | Identified the +0 long sword of the Iron City of Dis
                  | {heavy, rElec rC- rN++ Int-5}
  6799 | D:7      | Noticed a two-headed ogre
  6799 | D:7      | Noticed a moth of wrath
  6800 | D:7      | Noticed cforsyth's ghost (novice FoFi)
  6804 | D:7      | Found a bloodstained altar of Trog.
  6820 | D:7      | Found a transporter.
  6831 | D:7      | Reached skill level 10 in Axes
  6998 | D:1      | Bought an amulet of regeneration for 420 gold pieces
  7485 | D:8      | Found a transporter.
  7498 | D:8      | Noticed DeathPants's ghost (novice VSGl)
  7551 | D:8      | Noticed a hornet
  7568 | D:8      | Killed a hornet
  7609 | D:8      | You pick up a book of Blood and begin reading...
  7609 | D:8      | You add the spells Sublimation of Blood, Wereblood and
                  | Summon Hydra to your library.
  7731 | D:8      | Found a transporter.
  7793 | D:8      | Reached XP level 10. HP: 53/70 MP: 10/10
  7802 | D:8      | Reached skill level 11 in Axes
  7802 | D:8      | Reached skill level 9 in Armour
  8066 | D:9      | Reached skill level 12 in Axes
  8134 | D:9      | HP: 16/70 [poisoned by a killer bee]
  8139 | D:9      | HP: 12/70 [poisoned by a killer bee]
  8200 | D:9      | Found a sacrificial altar of Ru.
  8200 | D:9      | Found an iron altar of Okawaru.
  8229 | D:9      | Became a worshipper of Warmaster Okawaru
  8326 | D:9      | Found a staircase to the Lair.
  8334 | D:9      | Reached skill level 10 in Armour
  8368 | D:9      | Reached * piety under Okawaru
  8485 | D:9      | Reached XP level 11. HP: 68/75 MP: 11/11
  8500 | D:9      | You pick up a book of Blasting and begin reading...
  8500 | D:9      | You add the spells Kindle Blastsparks, Fulminant Prism,
                  | Iskenderun's Mystic Blast and Lee's Rapid Deconstruction to
                  | your library.
  8812 | D:10     | Entered Level 10 of the Dungeon
  8897 | D:10     | Noticed a centaur warrior
  8925 | D:10     | Killed a centaur warrior
  8925 | D:10     | Reached ** piety under Okawaru
  8926 | D:10     | Reached skill level 13 in Axes
  9300 | D:10     | You pick up a book of the Moon and begin reading...
  9300 | D:10     | You add the spells Passage of Golubria, Silence and
                  | Lehudib's Crystal Spear to your library.
 10042 | D:11     | Noticed a boulder beetle
 10063 | D:11     | Killed a boulder beetle
 10064 | D:11     | Reached skill level 11 in Armour
 10428 | D:12     | Noticed a manticore
 10437 | D:12     | Killed a manticore
 10437 | D:12     | Reached *** piety under Okawaru
 10438 | D:12     | Reached skill level 14 in Axes
 10488 | D:12     | Found a staircase to the Orcish Mines.
 10890 | D:12     | Noticed a sun demon
 10898 | D:12     | HP: 11/75 [sun demon[a kobold demonologist] (18)]
 10898 | D:12     | Mangled by a sun demon

Vanquished Creatures
  A centaur warrior (D:10)
  A boulder beetle (D:11)
  A manticore (D:12)
  2 trolls
  2 hornets
  Sigmund (D:6)
  3 shadows
  2 wyverns
  A basilisk (D:11)
  A wraith (D:8)
  9 yaks
  A vampire (D:12)
  3 vampire mosquitoes (D:11)
  2 water moccasins
  2 black bears
  3 orc warriors
  A sky beast (D:8)
  An ogre (D:6)
  3 centaurs
  2 phantoms (D:12)
  A kobold brigand (D:4)
  Blork the orc (D:6)
  4 scorpions
  4 bullfrogs
  A gnoll sergeant (D:9)
  5 wights
  5 killer bees (D:9)
  A troll zombie (D:12)
  6 howler monkeys
  4 orc priests
  2 hounds
  5 orc wizards
  A sleepcap (D:7)
  3 iguanas
  5 ogre zombies (D:12)
  3 gnolls (D:9)
  9 adders
  A shadow imp (D:6)
  4 white imps
  An ufetubus (D:5)
  A worm (D:4)
  A dart slug (D:4)
  27 orcs
  2 bats
  5 endoplasms
  4 giant cockroaches
  8 hobgoblins
  2 jackals (D:4)
  5 quokkas
  8 ball pythons
  A frilled lizard (D:1)
  6 goblins
  A goblin skeleton (D:12)
  A goblin zombie (D:12)
  4 hobgoblin zombies (D:12)
  25 kobolds
  An orc skeleton (D:12)
  12 orc zombies (D:12)
  3 rats
225 creatures vanquished.

Vanquished Creatures (others)
  18 fungi (D:9)
  18 plants
36 creatures vanquished.

Grand Total: 261 creatures vanquished

Table legend:
 A = Non-vault XP
 B = Vault XP
 C = Vault XP percentage of total XP
 D = Non-vault monster count
 E = Vault monster count
 F = Vault count percentage of total count
                 A         B        C        D         E       F
            +---------+---------+-------+---------+---------+-------
      Total |   10878 |    1680 |  13.4 |     168 |      57 |  25.3
            +---------+---------+-------+---------+---------+-------
        D:1 |      30 |       0 |   0.0 |      18 |       0 |   0.0
        D:2 |      32 |       1 |   3.0 |      12 |       1 |   7.7
        D:3 |      79 |       0 |   0.0 |      13 |       0 |   0.0
        D:4 |     243 |     127 |  34.3 |      17 |      21 |  55.3
        D:5 |     984 |       0 |   0.0 |      26 |       0 |   0.0
        D:6 |     688 |     322 |  31.9 |      21 |       2 |   8.7
        D:7 |     491 |       0 |   0.0 |       8 |       0 |   0.0
        D:8 |    1974 |       0 |   0.0 |      17 |       0 |   0.0
        D:9 |    2327 |     592 |  20.3 |      23 |       5 |  17.9
       D:10 |    1112 |       0 |   0.0 |       3 |       0 |   0.0
       D:11 |    1911 |       0 |   0.0 |       7 |       0 |   0.0
       D:12 |    1007 |     638 |  38.8 |       3 |      28 |  90.3
            +---------+---------+-------+---------+---------+-------

Illustrated notes

Table legend:
 A = Kills in this place as a percentage of kills in the entire game.
 B = Kills by you in this place as a percentage of kills by you in the entire game.
 C = Kills by friends in this place as a percentage of kills by friends in the entire game.
 D = Other kills in this place as a percentage of other kills in the entire game.
 E = Experience gained in this place as a percentage of experience gained in the entire game.
 F = Experience gained in this place divided by the number of levels of this place that you have seen.
                   A       B       C       D       E      F
               +-------+-------+-------+-------+-------+----------------------
         Total | 100.0 | 100.0 |   N/A |   N/A | 100.0 | 966.0
       Dungeon | 100.0 | 100.0 |   N/A |   N/A | 100.0 | 1046.5
               +-------+-------+-------+-------+-------+----------------------

Table legend: (Time is in decaauts)
 A = Elapsed time spent in this place.
 B = Non-inter-level travel time spent in this place.
 C = Inter-level travel time spent in this place.
 D = Time resting spent in this place.
 E = Time spent auto-exploring this place.
 F = Levels seen in this place.
 G = Mean time per level.
                   A        B        C        D        E       F      G
               +--------+--------+--------+--------+--------+-----+--------+
         Total |  10955 |  10118 |    837 |   1041 |   7159 |  13 |  842.7 |
       Dungeon |  10743 |   9931 |    812 |   1041 |   6977 |  12 |  895.2 |
        Temple |    212 |    187 |     25 |      0 |    182 |   1 |  212.0 |
               +--------+--------+--------+--------+--------+-----+--------+

Top non-repeatable levels by time:
     D:5: 2179 daAuts
     D:1: 1157 daAuts
     D:4: 1121 daAuts
    D:10: 915 daAuts
     D:7: 867 daAuts
     D:6: 817 daAuts
     D:9: 810 daAuts
    D:12: 657 daAuts
     D:3: 616 daAuts
     D:2: 573 daAuts
     D:8: 537 daAuts
    D:11: 487 daAuts
  Temple: 212 daAuts
